 Dungeon Crawl Stone Soup version 0.21.1-1-g345015f (webtiles) character file.

13721 keltmir the Basher (level 11, -14/89 HPs)
             Began as a Demonspawn Fighter on Mar 25, 2018.
             Was an Elder of Qazlal.
             Demolished by a large slime creature (34 damage)
             ... on level 11 of the Dungeon.
             The game lasted 00:56:23 (15307 turns).

keltmir the Basher (Demonspawn Fighter)            Turns: 15307, Time: 00:56:23

Health: -14/89     AC: 15    Str: 19    XL:     11   Next: 79%
Magic:  0/17       EV:  8    Int: 10    God:    Qazlal [****..]
Gold:   639        SH: 15    Dex: 22    Spells: 10/10 levels left

rFire    + + +     SeeInvis .   U - +2 mace
rCold    . . .     Gourm    .   B - +1 buckler
rNeg     + . .     Faith    .   P - +2 plate armour "Yrruoffe" {rElec rF+++ MR- Dex+7}
rPois    .         Spirit   +   (no helmet)
rElec    +         Reflect  +   w - scarf {repulsion}
rCorr    .         Harm     .   (no gloves)
MR       .....                  (no boots)
Stlth    ..........             g - +3 amulet of reflection
HPRegen  0.24/turn              e - ring of positive energy
MPRegen  0.15/turn              V - +2 ring of evasion

@: repel missiles
A: talons 1, thin skeletal structure 1, magic shield
a: Upheaval, Elemental Force, Renounce Religion


You were on level 11 of the Dungeon.
You worshipped Qazlal.
Qazlal was greatly pleased with you.
You were hungry.

You visited 2 branches of the dungeon, and saw 12 of its levels.

You collected 639 gold pieces.

Inventory:

Hand Weapons
 x - a +3 dagger
 U - a +2 mace (weapon)
Missiles
 i - 4 tomahawks of returning (quivered)
Armour
 a - a scarf of cloud immunity
 b - a +0 scale mail
 c - a +0 shield
 o - a +1 scale mail of magic resistance
 w - a scarf of repulsion (worn)
 A - a +0 cloak
 B - a +1 buckler (worn)
 F - the +1 ring mail of the Imp {Regen+ rCorr}
   (You took it off an orc on level 11 of the Dungeon)

   It increases your rate of regeneration.
   It protects you from acid and corrosion.
 P - the +2 plate armour "Yrruoffe" (worn) {rElec rF+++ MR- Dex+7}
   (You found it on level 7 of the Dungeon)

   It affects your dexterity (+7).
   It renders you almost immune to fire.
   It insulates you from electricity.
   It affects your resistance to hostile enchantments.
Jewellery
 e - a ring of positive energy (left hand)
 g - a +3 amulet of reflection (around neck)
 p - an uncursed ring of fire
 y - an uncursed amulet of regeneration
 T - an uncursed amulet of magic regeneration
 V - a +2 ring of evasion (right hand)
 X - an uncursed amulet of the gourmand
Wands
 d - a wand of digging (19)
 k - a wand of polymorph (16)
 N - a wand of disintegration (7)
 W - a wand of iceblast (11)
Scrolls
 h - a scroll of remove curse
 j - a scroll of fear
 m - 3 scrolls of teleportation
 n - 3 scrolls of enchant weapon
 r - a scroll of vulnerability {unknown}
 s - a scroll of identify
 t - a scroll of blinking
 C - a scroll of amnesia {unknown}
 H - a scroll of immolation
 L - 3 scrolls of enchant armour
Potions
 l - 2 potions of heal wounds
 q - a potion of haste
 u - a potion of agility
 v - a potion of invisibility
 D - a potion of ambrosia {unknown}
 E - a potion of cancellation {unknown}
 G - a potion of flight
 O - a potion of brilliance {unknown}
 R - a potion of lignification
Books
 I - a book of Callings

   Spells                             Type                      Level
   a - Summon Small Mammal            Summoning                    1
   b - Call Imp                       Summoning                    2
   c - Call Canine Familiar           Summoning                    3
   d - Summon Guardian Golem          Hexes/Summoning              3
   e - Summon Lightning Spire         Summoning/Air                4
   f - Summon Ice Beast               Ice/Summoning                4
 K - a book of Spatial Translocations

   Spells                             Type                      Level
   a - Blink                          Translocation                2
   b - Shroud of Golubria             Charms/Translocation         2
   c - Lesser Beckoning               Translocation                3
   d - Gell's Gravitas                Translocation                3
   e - Teleport Other                 Translocation                3
   f - Passage of Golubria            Translocation                4
 Z - a book of Transfigurations

   Spells                             Type                      Level
   a - Irradiate                      Conjuration/Transmutation    5
   b - Statue Form                    Transmutation/Earth          6
   c - Hydra Form                     Transmutation                6
   d - Dragon Form                    Transmutation                7
Comestibles
 f - 17 rations


   Skills:
 + Level 9.5 Fighting
 * Level 11.6 Maces & Flails
 + Level 8.2 Armour
 - Level 4.0 Shields
 + Level 9.0 Invocations


You had 10 spell levels left.
You didn't know any spells.

Dungeon Overview and Level Annotations

Branches:
Dungeon (11/15)            Temple (1/1) D:6            Lair (0/6) D:8
    Orc (0/2) D:11

Altars:
Ashenzari
Cheibriados
Elyvilon
Fedhas
Gozag
Hepliaklqana
Kikubaaqudgha
Makhleb
Nemelex Xobeh
Okawaru
Qazlal
Ru
Sif Muna
Uskayaw
Wu Jian
Xom
Yredelemnul
Zin

Annotations:
D:5 Prince Ribbit
D:8 2 transporters


Innate Abilities, Weirdness & Mutations

You have sharp toenails.
You have a somewhat thin skeletal structure. (Dex +2, Stealth)
When hurt, damage is shared between your health and your magic reserves.


Message History

You block the hound's attack. You block the slime creature's attack.
The slime creature hits you but does no damage.
The hound barely misses you.
You hit the large slime creature. You claw the large slime creature.
The large slime creature is heavily wounded.
The large slime creature barely misses you.
The slime creature hits you but does no damage.
The hound bites you but does no damage. You block the slime creature's attack.
You sock the large slime creature!
You claw the large slime creature, but do no damage.
The large slime creature is severely wounded.
You block the hound's attack. The large slime creature hits you!!
* * * LOW HITPOINT WARNING * * *
The slime creature hits you but does no damage.
You sock the large slime creature! You claw the large slime creature.
The large slime creature is severely wounded.
The hound bites you but does no damage. The slime creature hits you.
* * * LOW HITPOINT WARNING * * *
The large slime creature hits you!!!
You die...

...#)#.....8.....##.##...#
.....####.....####.....#
..........#...[#.......##
.........##..###.>......#
....##....#.## #........#
............## #........#
.##..###.....###........#
..##.............J......#...
...#######...#..@J§.........
.....#####......hJ.......#..
.........#....§..§§...).## .
......##.#.#............#
........................#
...#........#............#
##.##.....#.#............#
#..............#....###..
##............#...#...


You could see a large slime creature, 2 slime creatures and a hound.

Vanquished Creatures
  A hydra (D:11)
  The ghost of
  1994 the Martial Artist, a journeyman DgTm (D:11)
  The ghost of
  1994 the Transmogrifier, a journeyman MfTm of Sif Muna (D:10)
  Fannar (D:10)
  4 two-headed ogres
  A queen bee (D:8)
  The ghost of keltmir the Skirmisher, an amateur DsFi of Dithmenos (D:3)
  A hornet (D:8)
  3 hippogriffs
  3 yaks (D:11)
  Eustachio (D:5)
  The ghost of Scuka the Caller, an amateur BaSu (D:4)
  A water moccasin (D:11)
  3 ice beasts
  Duvessa (D:5)
  6 orc warriors
  2 sky beasts
  A black bear (D:7)
  An ogre (D:5)
  An eye of draining (D:11)
  2 necrophages
  2 phantoms
  A crocodile (D:7)
  A big kobold (D:11)
  11 bullfrogs
  Dowan (D:5)
  4 scorpions
  21 killer bees
  7 wights
  4 howler monkeys
  7 crimson imps
  A bullfrog zombie (D:8)
  5 jellies
  A quasit (D:8)
  5 hounds
  11 orc priests
  Crazy Yiuf (D:3)
  A bullfrog skeleton (D:4)
  3 centaur skeletons
  5 worker ants
  An iguana (D:7)
  9 orc wizards
  Terence (D:2)
  A hound skeleton (D:8)
  A howler monkey zombie (D:5)
  16 adders
  A river rat (D:4)
  3 shadow imps
  2 oozes
  2 adder skeletons
  5 worms
  A dart slug (D:2)
  2 leopard geckos
  57 orcs
  6 bats
  11 giant cockroaches
  5 goblins
  10 hobgoblins
  15 jackals
  3 quokkas
  3 ball pythons
  4 frilled lizards
  6 kobolds
  A leopard gecko zombie (D:7)
  A quokka skeleton (D:4)
  2 quokka zombies
  9 rats
307 creatures vanquished.

Vanquished Creatures (others)
  A centaur (D:10)
  A goblin (D:3)
  A kobold (D:11)
  A quokka (D:6)
4 creatures vanquished.

Grand Total: 311 creatures vanquished

Notes
Turn   | Place    | Note
-------+----------+-------------------------------------------
     0 | D:1      | keltmir the Demonspawn Fighter began the quest for the Orb.
     0 | D:1      | Reached XP level 1. HP: 18/18 MP: 1/1
    56 | D:1      | Reached skill level 2 in Maces & Flails
   263 | D:1      | Gained mutation: When hurt, damage is shared between your health and your magic reserves. [demonic ancestry]
   263 | D:1      | Reached XP level 2. HP: 24/24 MP: 2/2
   903 | D:2      | Reached XP level 3. HP: 24/29 MP: 3/3
  1305 | D:2      | Reached skill level 3 in Maces & Flails
  1344 | D:2      | Noticed Terence
  1370 | D:2      | Killed Terence
  1370 | D:2      | Reached XP level 4. HP: 26/36 MP: 4/4
  2160 | D:3      | Reached XP level 5. HP: 42/42 MP: 5/5
  2537 | D:3      | Noticed keltmir's ghost (amateur DsFi)
  2593 | D:3      | Killed keltmir's ghost
  2593 | D:3      | Reached skill level 4 in Maces & Flails
  2593 | D:3      | Gained mutation: You have a somewhat thin skeletal structure. (Dex +2, Stealth) [demonic ancestry]
  2593 | D:3      | Reached XP level 6. HP: 27/49 MP: 6/6
  2951 | D:3      | Reached skill level 5 in Maces & Flails
  2977 | D:3      | Found a runed door.
  3149 | D:3      | Reached XP level 7. HP: 51/55 MP: 7/7
  4415 | D:4      | Reached skill level 5 in Fighting
  4420 | D:4      | Found a glowing drain.
  4499 | D:4      | Noticed Scuka's ghost (amateur BaSu)
  4875 | D:4      | Killed Scuka's ghost
  5040 | D:4      | Reached skill level 6 in Maces & Flails
  5476 | D:5      | Entered Level 5 of the Dungeon
  5500 | D:5      | Reached skill level 5 in Armour
  5500 | D:5      | Gained mutation: You have sharp toenails. [demonic ancestry]
  5500 | D:5      | Reached XP level 8. HP: 22/63 MP: 2/8
  5747 | D:5      | Noticed Duvessa
  5748 | D:5      | Noticed Dowan
  5760 | D:5      | Found a sparkling altar of Nemelex Xobeh.
  5763 | D:5      | Found a deep blue altar of Sif Muna.
  5781 | D:5      | Killed Dowan
  5788 | D:5      | Killed Duvessa
  6041 | D:5      | Found an opulent altar of Gozag.
  6164 | D:3      | Noticed Crazy Yiuf
  6176 | D:3      | Killed Crazy Yiuf
  6937 | D:6      | Noticed Eustachio
  7099 | D:6      | Reached skill level 7 in Maces & Flails
  7202 | D:5      | Killed Eustachio
  7537 | D:6      | Noticed Prince Ribbit
  8066 | D:6      | Found a staircase to the Ecumenical Temple.
  8072 | Temple   | Entered the Ecumenical Temple
  8180 | Temple   | Became a worshipper of Qazlal Stormbringer
  8274 | D:6      | Reached XP level 9. HP: 71/71 MP: 9/9
  8356 | D:6      | Found a white marble altar of Elyvilon.
  8929 | D:7      | Got a brightly glowing plate armour
  8956 | D:7      | Identified the +2 plate armour "Yrruoffe" {rElec rF+++ MR- Dex+7} (You found it on level 7 of the Dungeon)
  9015 | D:6      | Reached skill level 8 in Maces & Flails
  9015 | D:6      | Reached skill level 1 in Invocations
  9470 | D:8      | Found a shattered altar of Ashenzari.
  9496 | D:8      | Reached * piety under Qazlal
  9798 | D:8      | Found a staircase to the Lair.
  9969 | D:7      | Reached skill level 9 in Maces & Flails
 10111 | D:8      | Found a transporter.
 10111 | D:8      | Found a transporter.
 10225 | D:8      | Reached XP level 10. HP: 67/79 MP: 9/13
 10543 | D:8      | Reached skill level 5 in Invocations
 11306 | D:8      | Reached ** piety under Qazlal
 11748 | D:9      | Paralysed by a hornet for 1 turns
 12295 | D:9      | Reached skill level 10 in Maces & Flails
 12503 | D:10     | Entered Level 10 of the Dungeon
 12525 | D:10     | Noticed 1994's ghost (journeyman MfTm)
 12785 | D:10     | Noticed Fannar
 13302 | D:10     | Killed 1994's ghost
 13437 | D:10     | Noticed a two-headed ogre
 13449 | D:10     | Killed a two-headed ogre
 13449 | D:10     | Reached *** piety under Qazlal
 13449 | D:10     | Reached XP level 11. HP: 60/87 MP: 11/16
 13610 | D:10     | Killed Fannar
 13758 | D:10     | Noticed a two-headed ogre
 13947 | D:10     | Killed a two-headed ogre
 14119 | D:10     | Noticed a two-headed ogre
 14140 | D:10     | Killed a two-headed ogre
 14140 | D:10     | Reached skill level 11 in Maces & Flails
 14672 | D:11     | Noticed 1994's ghost (journeyman DgTm)
 14719 | D:11     | Killed 1994's ghost
 14806 | D:11     | Noticed a six-headed hydra
 14834 | D:11     | Killed a six-headed hydra
 15096 | D:11     | Reached **** piety under Qazlal
 15109 | D:11     | Found a staircase to the Orcish Mines.
 15217 | D:11     | Got a shimmering ring mail
 15228 | D:11     | Identified the cursed +1 ring mail of the Imp {Regen+ rCorr} (You took it off an orc on level 11 of the Dungeon)
 15275 | D:11     | Noticed a two-headed ogre
 15289 | D:11     | Killed a two-headed ogre
 15307 | D:11     | Demolished by a large slime creature

Skill      XL: |  1  2  3  4  5  6  7  8  9 10 11 |
---------------+----------------------------------+-----
Maces & Flails | 2 3 4 5 6 7 9 10 11 | 11.6
Armour         | 3 4 5 6 7 8 |  8.2
Fighting       | 4 5 6 7 8 9 |  9.5
Shields        | 3 4 |  4.0
Invocations    | 4 7 9 |  9.0

Action                   |  1- 3 |  4- 6 |  7- 9 | 10-12 || total
-------------------------+-------+-------+-------+-------++-------
Melee: Flail             |   149 |   162 |     5 |       ||   316
       Whip              |       |       |   304 |       ||   304
       Morningstar       |       |       |   311 |       ||   311
       Kick              |       |       |   132 |   209 ||   341
       Mace              |       |       |    76 |   523 ||   599
Evoke: Wand              |       |       |       |    11 ||    11
  Use: Scroll            |     2 |     2 |     7 |    11 ||    22
       Potion            |       |       |     1 |     6 ||     7
  Eat: Chunk             |     2 |     6 |    20 |     9 ||    37
       Ration            |       |       |     1 |     2 ||     3
Armor: Scale mail        |    75 |    64 |   232 |       ||   371
       Plate armour      |       |       |   128 |   290 ||   418
       Skin              |       |       |       |     3 ||     3
Dodge: Dodged            |    40 |    31 |   202 |   151 ||   424
Block: Shield            |    74 |   113 |   274 |       ||   461
       Reflection        |       |     5 |     3 |     8 ||    16
       Buckler           |       |       |   188 |   340 ||   528
